Map: Tropical Sacrifice

Players

Maverick - Winner!

  • Race: Terran Terran
  • League: Master
  • Spawn Location: 7:00

Lolebiv

  • Race: Zerg Zerg
  • League: Grandmaster
  • Spawn Location: 1:00

VOD

Have the link to the VOD?

Description

Time

  • Played on: Dec. 2, 2022, 6:07 p.m.
  • Length: 15:32
Show
View Real Time Build Order
Export as new Build Order

Maverick Terran - Winner!

Build Orders: Reaper Expand, Banshee Rush 

Get SALT Encoding   

  12  0:00  SCV  
  13  0:12  SCV  
  14  0:17  Supply Depot  
  14  0:24  SCV  
  15  0:39  SCV  
  15  0:41  Barracks  
  16  0:46  Refinery  
  16  0:51  SCV  
  17  1:03  SCV  
  18  1:15  SCV  
  19  1:28  Reaper  
  19  1:29  Orbital Command  
  20  1:44  Command Center  
  20  1:51  Supply Depot  
  20  1:55  SCV  
  20  2:00  Marine  
  22  2:07  SCV  
  23  2:12  Factory  
  23  2:19  SCV  
  23  2:22  Refinery  
  24  2:23  Barracks Reactor  
  24  2:31  SCV  
  25  2:43  SCV  
  26  2:55  SCV  
  26  2:56  Starport  
  26  2:58  Orbital Command  
  27  3:06  Marine x2  
  27  3:07  SCV  
  30  3:17  Supply Depot  
  30  3:18  Factory Tech Lab  
  30  3:19  SCV  
  31  3:24  Marine x2, SCV  
  34  3:31  SCV  
  35  3:36  SCV  
  35  3:37  Supply Depot  
  36  3:44  Banshee  
  36  3:47  SCV  
  40  3:48  SCV  
  40  3:51  Cloaking Field  
  41  3:59  Command Center, SCV  
  41  4:01  SCV  
  43  4:07  Refinery  
  43  4:08  Refinery  
  43  4:11  SCV, Supply Depot  
  43  4:13  SCV  
  45  4:23  SCV  
  46  4:25  SCV  
  46  4:27  Banshee  
  50  4:35  SCV  
  50  4:36  Starport  
  50  4:37  SCV, Starport  
  52  4:47  SCV  
  52  4:49  SCV  
  54  4:54  Engineering Bay  
  54  4:59  SCV  
  55  5:01  SCV  
  56  5:07  Command Center  
  56  5:12  SCV  
  56  5:13  Starport Tech Lab x2  
  59  5:15  SCV  
  60  5:22  Raven  
  60  5:23  Command Center  
  60  5:26  SCV  
  60  5:27  SCV  
  62  5:29  Corvid Reactor  
  62  5:34  Planetary Fortress  
  64  5:43  SCV  
  64  5:45  SCV  
  64  5:47  Refinery  
  66  5:50  Raven  
  66  5:51  Refinery  
  66  5:55  SCV  
  67  5:57  SCV  
  70  6:07  SCV  
  70  6:08  Raven  
  70  6:09  SCV  
  72  6:12  Supply Depot  
  72  6:13  SCV, Supply Depot  
  73  6:19  SCV  
  73  6:24  SCV  
  75  6:25  SCV  
  75  6:31  SCV  
  79  6:34  Command Center x2  
  79  6:36  SCV, Raven  
  79  6:38  SCV  
  83  6:46  SCV  
  83  6:47  Raven  
  87  6:51  Missile Turret, Raven  
  87  6:52  Missile Turret  
  87  6:55  SCV x2  
  87  6:56  Missile Turret  
  87  6:57  Missile Turret  
  88  7:02  Hi-Sec Auto Tracking  
  88  7:03  SCV  
  88  7:04  Planetary Fortress  
  88  7:07  SCV  
  90  7:12  SCV x2, Missile Turret  
  94  7:18  SCV  
  94  7:20  Raven  
  95  7:25  Refinery  
  95  7:26  Planetary Fortress  
  95  7:27  SCV x2, Refinery  
  97  7:30  SCV  
  97  7:36  Missile Turret  
  100  7:39  SCV x2  
  100  7:40  Missile Turret  
  100  7:41  SCV  
  100  7:42  SCV  
  104  7:45  Raven  
  104  7:50  SCV  
  107  7:51  SCV x2  
  107  7:52  SCV  
  107  7:53  Raven  
  107  7:54  Command Center  
  107  7:55  SCV  
  107  7:56  SCV, Missile Turret x2  
  114  8:05  Orbital Command, Supply Depot  
  115  8:06  Raven  
  115  8:07  Orbital Command  
  115  8:08  SCV x2  
  115  8:10  Neosteel Armor  
  115  8:11  SCV  
  117  8:15  Sensor Tower  
  117  8:19  SCV x2  
  119  8:22  Missile Turret x2  
  119  8:23  SCV  
  122  8:29  SCV  
  122  8:30  SCV, Fusion Core  
  122  8:33  Missile Turret, Raven  
  124  8:36  Command Center, SCV  
  125  8:43  Armory  
  125  8:44  SCV, Armory  
  125  8:45  SCV  
  127  8:51  Sensor Tower  
  127  8:55  Command Center  
  127  8:56  Missile Turret  
  127  9:05  SCV x3  
  127  9:07  SCV  
  127  9:08  Starport  
  131  9:10  SCV  
  131  9:11  Starport  
  131  9:16  SCV  
  133  9:19  SCV  
  133  9:22  Battlecruiser x2  
  131  9:37  Battlecruiser  
  126  9:39  SCV  
  126  9:41  SCV x5  
  126  9:44  Starport Tech Lab  
  129  9:50  Starport Tech Lab  
  129  9:51  SCV  
  129  9:52  Terran Ship Weapons Level 1, Terran Vehicle And Ship Armor Level 1  
  130  9:53  SCV x5  
  133  10:03  SCV  
  133  10:05  SCV x3  
  137  10:08  Planetary Fortress, SCV  
  137  10:10  SCV  
  139  10:16  SCV  
  139  10:17  SCV  
  139  10:20  Refinery  
  141  10:23  Refinery  
  140  10:29  Battlecruiser, Missile Turret x3  
  140  10:31  SCV x3  
  149  10:37  Missile Turret  
  149  10:38  Missile Turret  
  149  10:40  SCV, Missile Turret  
  150  10:43  Missile Turret  
  150  10:44  Missile Turret  
  150  10:46  SCV x2  
  150  10:47  SCV  
  140  10:50  Battlecruiser  
  140  10:51  SCV  
  133  10:58  SCV  
  133  10:59  Planetary Fortress  
  133  11:00  SCV  
  133  11:01  SCV  
  133  11:03  SCV, Refinery  
  132  11:04  Refinery, Missile Turret  
  129  11:13  SCV x4  
  129  11:18  SCV  
  134  11:21  SCV  
  134  11:25  SCV x3  
  136  11:26  SCV  
  136  11:27  Missile Turret  
  136  11:28  Missile Turret x2  
  138  11:33  SCV  
  138  11:37  Battlecruiser  
  141  11:42  SCV  
  141  11:46  Battlecruiser  
  145  11:53  SCV x4  
  149  11:59  Terran Ship Weapons Level 2, Terran Vehicle And Ship Armor Level 2  
  149  12:01  Weapon Refit, SCV  
  146  12:02  SCV  
  146  12:05  SCV  
  149  12:11  Missile Turret  
  149  12:12  Missile Turret  
  149  12:13  Battlecruiser  
  151  12:25  Battlecruiser  
  153  12:35  Command Center  
  153  12:36  Supply Depot  
  153  12:37  Sensor Tower  
  153  12:38  Supply Depot  
  153  12:43  Battlecruiser  
  159  12:53  Viking x2  
  163  13:13  Starport  
  163  13:14  Starport x2  
  163  13:17  Viking  
  164  13:31  Battlecruiser  
  164  13:33  Viking x2  
  161  13:46  Command Center  
  161  13:47  Viking  
  163  13:54  Command Center  
  163  13:55  Command Center  
  163  13:59  Viking x2  
  163  14:02  Viking  
  169  14:03  Supply Depot  
  169  14:07  Factory Tech Lab  
  169  14:12  Viking x2  
  169  14:14  Viking  
  175  14:22  Viking  
  177  14:29  Viking  
  177  14:30  Viking  
  181  14:32  Viking  
  181  14:35  Viking  
  185  14:42  Viking x2  
  183  14:46  Viking  
  183  14:52  Viking  
  187  14:59  Viking  
  189  15:00  Viking  
  187  15:26  Refinery  
Show
View Real Time Build Order
Export as new Build Order

Lolebiv Zerg 

Build Orders: Hatch First 

Get SALT Encoding   

  12  0:00  Drone  
  13  0:12  Overlord  
  13  0:21  Drone  
  14  0:33  Drone x2  
  16  0:43  Drone  
  17  0:55  Hatchery  
  16  1:05  Drone x2  
  18  1:12  Extractor  
  17  1:21  Drone  
  17  1:22  Drone  
  17  1:24  Spawning Pool  
  18  1:33  Drone  
  19  1:51  Drone  
  19  1:52  Drone  
  21  2:12  Queen x2  
  21  2:13  Zergling x4  
  27  2:25  Hatchery  
  26  2:30  Extractor  
  26  2:31  Spore Crawler  
  26  2:33  Extractor  
  26  2:34  Drone x2  
  25  2:41  Drone x2  
  26  2:44  Drone  
  29  2:52  Overlord  
  29  2:53  Metabolic Boost  
  29  2:58  Overlord  
  29  3:12  Drone x4  
  33  3:13  Queen  
  35  3:29  Drone x4  
  35  3:30  Drone x2  
  41  3:37  Drone  
  42  3:54  Drone x6  
  48  4:02  Overlord  
  48  4:04  Overlord  
  48  4:10  Overlord  
  48  4:17  Lair  
  48  4:20  Queen x2  
  48  4:23  Baneling Nest, Zergling x8  
  56  4:24  Zergling x4  
  57  4:31  Drone x2  
  57  4:32  Drone x6  
  65  4:39  Drone x2  
  65  4:43  Drone  
  68  5:06  Drone x5  
  73  5:14  Overlord x5  
  73  5:17  Centrifugal Hooks  
  73  5:19  Hatchery  
  73  5:20  Extractor  
  71  5:22  Extractor  
  71  5:23  Spore Crawler  
  71  5:24  Extractor, Spore Crawler  
  71  5:25  Spore Crawler  
  66  5:36  Drone x9  
  66  5:37  Drone x5  
  66  5:42  Queen x2  
  84  5:43  Queen  
  82  6:00  Overseer  
  82  6:02  Drone  
  82  6:03  Drone x6  
  89  6:06  Extractor  
  89  6:08  Extractor  
  87  6:17  Overlord x2  
  87  6:21  Hatchery  
  86  6:37  Drone x3  
  86  6:39  Drone x4  
  93  6:44  Drone x2  
  91  6:48  Evolution Chamber  
  91  6:50  Evolution Chamber  
  89  6:54  Zergling x10  
  89  6:55  Zergling x20  
  104  7:22  Zerg Melee Weapons Level 1, Zerg Ground Armor Level 1  
  104  7:26  Drone x2  
  104  7:27  Spire  
  104  7:28  Drone  
  104  7:29  Drone  
  107  7:31  Drone  
  107  7:32  Drone x16  
  111  8:05  Baneling  
  111  8:06  Baneling x14  
  111  8:10  Drone x3  
  111  8:11  Drone x3  
  117  8:21  Extractor, Spore Crawler  
  117  8:22  Extractor  
  117  8:23  Drone x3  
  117  8:24  Drone x4  
  117  8:25  Drone x4  
  125  8:34  Zergling x2  
  125  8:35  Zergling x14  
  133  8:45  Zergling x8  
  133  8:46  Zergling x8  
  141  8:49  Overlord x5  
  141  8:57  Baneling x10  
  141  9:06  Zerg Flyer Weapons Level 1  
  118  9:40  Zergling x2  
  118  9:41  Zergling x42  
  118  9:42  Zergling x18  
  129  9:54  Mutalisk  
  129  9:55  Mutalisk x12  
  138  10:09  Drone x2  
  138  10:10  Drone x2  
  138  10:11  Mutalisk x9  
  155  10:35  Mutalisk x5  
  157  10:37  Overlord x4  
  157  10:38  Overlord  
  157  10:39  Overlord x2  
  165  10:45  Queen  
  165  10:46  Infestation Pit, Queen x2  
  165  10:47  Queen  
  141  11:01  Mutalisk x4  
  140  11:10  Mutalisk  
  133  11:12  Zergling x4  
  133  11:13  Zergling x20  
  145  11:23  Zerg Flyer Weapons Level 2  
  145  11:27  Hatchery  
  142  11:35  Hatchery  
  142  11:36  Corruptor x3  
  136  11:45  Overseer  
  133  11:50  Drone x9  
  133  11:51  Drone  
  140  12:00  Pneumatized Carapace  
  137  12:02  Spore Crawler  
  137  12:03  Corruptor x4  
  137  12:05  Zergling x8  
  146  12:27  Corruptor x5  
  131  12:39  Zergling x30  
  131  12:40  Zergling x12  
  139  12:52  Drone x3  
  139  12:53  Drone  
  139  12:54  Drone x6  
  149  13:01  Drone x7  
  149  13:04  Baneling x9  
  149  13:05  Baneling x2  
  156  13:06  Baneling x2  
  156  13:08  Baneling  
  156  13:09  Baneling  
  156  13:10  Baneling x2  
  156  13:11  Baneling x2  
  156  13:12  Baneling  
  156  13:13  Baneling  
  156  13:17  Drone x3  
  156  13:18  Drone  
  160  13:20  Drone  
  144  13:34  Drone x8  
  144  13:35  Drone x4  
  146  13:48  Overlord  
  144  13:55  Corruptor  
  144  13:56  Corruptor x5  
  153  14:04  Corruptor  
  153  14:06  Corruptor  
  153  14:09  Corruptor  
  159  14:12  Corruptor  
  159  14:14  Corruptor  
  163  14:19  Corruptor x2  
  167  14:27  Corruptor  
  167  14:28  Corruptor  
  168  14:31  Corruptor  
  168  14:32  Corruptor  
  168  14:51  Corruptor x4  
Tags
 
Add a new tag
Caveats
  • Supply blocks, unpowered buildings, or Contaminate may cause inaccurate times.
  • Supply counts are checked every 10 seconds.